 Dungeon Crawl Stone Soup version 0.29-a0-275-g389c0b56f3 (webtiles) character file.

Game seed: 15141966949801484884

30 tsouns the Skirmisher (level 3, 0/23 HPs)
             Began as a Kobold Abyssal Knight on Mar 9, 2022.
             Was a Believer of Lugonu.
             Slain by a gnoll
             ... wielding a +0 flail
              (6 damage)
             ... on level 2 of the Dungeon.
             The game lasted 00:04:05 (3170 turns).

tsouns the Skirmisher (Kobold Abyssal Knight)       Turns: 3170, Time: 00:04:05

Health: 0/23       AC:  4    Str:  7 (10) XL:     3   Next: 37%
Magic:  4/4        EV: 14    Int: 13      God:    Lugonu [**....]
Gold:   184        SH:  0    Dex: 12 (15) Spells: 2/2 levels left

rFire   . . .      SeeInvis .   p - +4 dagger (flame)
rCold   . . .      Faith    .   (no shield)
rNeg    . . .      Spirit   .   b - +0 leather armour
rPois   .          Reflect  .   (no helmet)
rElec   .          Harm     .   (no cloak)
rCorr   .          Rampage  .   i - +0 pair of gloves
Will    .....                   (no boots)
Stlth   ++........              (no amulet)
HPRegen 0.07/turn               (no ring)
MPRegen 0.09/turn               (no ring)

@: no status effects
A: small, no large weapons, nightstalker 3
a: Renounce Religion, Depart the Abyss, Bend Space


You were on level 2 of the Dungeon.
You worshipped Lugonu.
Lugonu was pleased with you.
You visited 1 branch of the dungeon, and saw 3 of its levels.
You visited the Abyss 1 time.

You collected 184 gold pieces.

Inventory:

Hand Weapons
 a - a +1 short sword
 p - a +4 dagger of flaming (weapon)
Missiles
 c - a poisoned dart (quivered)
Armour
 b - a +0 leather armour (worn)
 i - a +0 pair of gloves (worn)
Scrolls
 e - 2 scrolls of fog {unknown}
 g - a scroll of vulnerability {unknown}
 h - a scroll of identify {unknown}
 l - a scroll of blinking {unknown}
 m - a scroll of fear {unknown}
Potions
 d - a potion of magic {unknown}
 f - a potion of ambrosia {unknown}
 j - 2 potions of haste {unknown}
 k - a potion of berserk rage {unknown}
 n - a potion of brilliance {unknown}
 o - a potion of flight {unknown}


   Skills:
 + Level 3.6 Fighting
 + Level 3.2 Short Blades
 + Level 1.2 Armour
 + Level 2.9 Dodging
 + Level 2.4 Invocations


You had 2 spell levels left.
You didn't know any spells.
Your spell library contained the following spells:

 Spells                   Type           Power      Damage    Failure   Level
 Animate Skeleton         Necr           0%         N/A       41%         1
 Apportation              Tloc           0%         N/A       41%         1
 Summon Small Mammal      Summ           0%         N/A       41%         1


Dungeon Overview and Level Annotations

Branches:
Dungeon (3/15)

Altars:

Shops:
D:3 =


Innate Abilities, Weirdness & Mutations

You are small and have problems with some larger weapons.
You are completely attuned to the shadows.


Message History

You closely miss the orc.
The orc is severely wounded.
The orc misses you.
You hit the orc. You burn the orc.
You kill the orc!
Lugonu accepts your kill.
Things that are here:
a +0 trident; a +0 leather armour HP restored.
Found a ring mail.
A gnoll comes into view. It is wielding a +0 flail.
The gnoll shouts!
You hear a shout! x2
The gnoll shouts!
You hit the gnoll. You burn the gnoll.
The gnoll is heavily wounded.
You hear a shout!
The gnoll hits you with a +0 flail!
A gnoll comes into view. It is wielding a +0 club.
A gnoll comes into view. It is wielding a +0 spear.
The gnoll attacks as you move away! The gnoll hits you but does no damage.
The gnoll attacks as you move away! The gnoll barely misses you.
The gnoll attacks as you move away! The gnoll barely misses you.
The gnoll attacks as you move away! The gnoll misses you.
You see here a +0 ring mail.
The gnoll attacks as you move away! The gnoll misses you.
The gnoll attacks as you move away! The gnoll closely misses you.
There is a stone staircase leading up here.
The gnoll hits you with a +0 flail!
You climb upwards.
There is a stone staircase leading down here.
You hit the gnoll. You burn the gnoll.
The gnoll is heavily wounded.
You hit the gnoll but do no damage.
The gnoll is heavily wounded.
The gnoll hits you with a +0 flail.
* * * LOW HITPOINT WARNING * * *
You hit the gnoll. You burn the gnoll.
The gnoll is severely wounded.
The gnoll hits you with a +0 flail.
You die...

###........# #.##.
#^.......# #.##.
#........# #.###
####.###.# #.# # #.#
#.######.### #.#
#...........
#.##########.###
###............#
####@........######
#..g....####)# #.##.#..#
#.#
####.##.#..####.########
#................(......
#.##.##.#............#..
#.##.##.#..####.####....
#.##.......####.##...#..
#.#####.........##.#####


You could see a gnoll.

Vanquished Creatures
  A dart slug (D:1)
  2 orcs (D:3)
  2 bats
  An endoplasm (D:1)
  A hobgoblin (D:1)
  A quokka (D:2)
  3 ball pythons
  2 frilled lizards
  5 goblins
  6 kobolds
  2 rats (D:2)
26 creatures vanquished.

Notes
Turn   | Place    | Note
-------+----------+-------------------------------------------
     0 | Abyss:1  | tsouns the Kobold Abyssal Knight began the quest for the
                  | Orb.
     0 | Abyss:1  | Reached XP level 1. HP: 14/14 MP: 2/2
    77 | Abyss:2  | Noticed an ancient zyme
    78 | D:1      | Escaped the Abyss
   463 | D:1      | Reached ** piety under Lugonu
   531 | D:1      | Reached skill level 1 in Armour
   531 | D:1      | Reached XP level 2. HP: 4/19 MP: 3/3
  1787 | D:2      | Reached XP level 3. HP: 21/23 MP: 4/4
  2033 | D:3      | Found Viorgh's One-of-a-Kind Rings.
  2998 | D:3      | Noticed a gnoll sergeant
  3170 | D:2      | Slain by a gnoll

Illustrated notes

Levels and vault maps discovered:
D:1:      ebering_hopf_link, layout_rooms
D:2:      layout_loops_ring
D:3:      layout_loops_ring, chequers_ecumenical_altar_simple,
          nicolae_shop_unique_rings, uniq_robin

Skill      XL: |  1  2 |
---------------+-------+-----
Armour         | 1 |  1.2
Short Blades   | 3 |  3.2
Fighting       | |  3.6
Dodging        | |  2.9
Invocations    | |  2.4

Action                   || total
-------------------------++-------
Melee: Short sword       ||    65
       Punch             ||     2
       Dagger            ||     8
Throw: Dart              ||     9
Invok: Depart the Abyss  ||     1
       Bend Space        ||     4
  Use: Potion            ||     1
 Stab: Sleeping          ||     7
Armor: Leather armour    ||     9
Dodge: Dodged            ||    47

Table legend: (Time is in decaauts)
 A = Elapsed time spent in this place.
 B = Non-inter-level travel time spent in this place.
 C = Inter-level travel time spent in this place.
 D = Time resting spent in this place.
 E = Time spent auto-exploring this place.
 F = Levels seen in this place.
 G = Mean time per level.
                   A        B        C        D        E       F      G
               +--------+--------+--------+--------+--------+-----+--------+
         Total |   3168 |   3008 |    160 |      0 |   2631 |   5 |  633.6 |
       Dungeon |   3090 |   2930 |    160 |      0 |   2571 |   3 | 1030.0 |
         Abyss |     77 |     77 |      0 |      0 |     60 |   2 |   38.5 |
               +--------+--------+--------+--------+--------+-----+--------+

Top non-repeatable levels by time:
     D:2: 1469 daAuts
     D:1: 1136 daAuts
     D:3: 484 daAuts
 Abyss:2: 67 daAuts
 Abyss:1: 10 daAuts
